 Seeded DCSS version 0.24-a0-522-g04f7f4e (webtiles) character file.

Game seed: 7438329807510561549

6584 Llamajah the Ducker (level 11, -1/78 HPs)
             Began as a Merfolk Conjurer on July 29, 2019.
             Was a Believer of Vehumet.
             Slain by a vampire (5 damage)
             ... on level 9 of the Dungeon on July 30, 2019.
             The game lasted 01:33:54 (13136 turns).

Llamajah the Ducker (Merfolk Conjurer)             Turns: 13136, Time: 01:33:55

Health: -1/78      AC: 10    Str: 14      XL:     11   Next: 1%
Magic:  7/29       EV: 18    Int: 20 (22) God:    Vehumet [**....]
Gold:   19         SH:  0    Dex: 20      Spells: 6/22 levels left

rFire    x . .     SeeInvis .   r - +0 trident
rCold    . . .     Gourm    .   (no shield)
rNeg     . . .     Faith    .   d - +1 leather armour "Upseism" {+Inv rF- Str+2 Dex+5}
rPois    .         Spirit   .   E - +0 helmet
rElec    .         Reflect  .   q - +2 cloak
rCorr    .         Harm     .   o - +1 pair of gloves
MR       .....                  (no boots)
Stlth    ++........             (no amulet)
HPRegen  0.23/turn              j - ring of magical power
MPRegen  0.21/turn              f - +4 ring of intelligence

@: about to teleport
A: change form in water, swift swim, stealthy swim, blink, clever 1, strong 1
a: Blink, Renounce Religion, Evoke Invisibility


You were on level 9 of the Dungeon.
You worshipped Vehumet.
Vehumet was pleased with you.
You were not hungry.

You visited 2 branches of the dungeon, and saw 10 of its levels.
You also visited: Ossuary.

You collected 643 gold pieces.
You spent 624 gold pieces at shops.

Inventory:

Hand Weapons
 r - a +0 trident (weapon)
Armour
 d - the +1 leather armour "Upseism" (worn) {+Inv rF- Str+2 Dex+5}
   (You bought it in a shop on level 6 of the Dungeon)

   It affects your strength (+2).
   It affects your dexterity (+5).
   It makes you vulnerable to fire.
   It lets you turn invisible.
 o - a +1 pair of gloves (worn)
 q - a +2 cloak (worn)
 t - a +0 robe of positive energy
 E - a +0 helmet (worn)
 F - the -6 pair of boots "Ynal" {Int+7 Slay-5 SInv}
   (You bought it in a shop on level 6 of the Dungeon)

   It affects your intelligence (+7).
   It affects your accuracy and damage with ranged weapons and melee attacks
   (-5).
   It lets you see invisible.
Magical Staves
 D - an uncursed staff of conjuration
Jewellery
 f - a +4 ring of intelligence (right hand)
 i - an uncursed ring of positive energy
 j - a ring of magical power (left hand)
 k - an uncursed ring of protection from cold
 m - an uncursed ring of wizardry
 y - a +2 ring of dexterity
Scrolls
 a - 2 scrolls of fog
 b - 6 scrolls of magic mapping
 e - 3 scrolls of remove curse
 h - a scroll of blinking
 l - a scroll of enchant weapon
 p - 2 scrolls of teleportation
 w - a scroll of amnesia {unknown}
 x - a scroll of enchant armour {unknown}
 C - a scroll of immolation
Potions
 u - 2 potions of lignification
 v - 2 potions of flight
 A - a potion of invisibility
 B - a potion of degeneration {unknown}
Comestibles
 c - 14 rations
 g - 5 chunks of flesh


   Skills:
 + Level 4.5 Fighting
 + Level 6.1 Polearms
 + Level 3.0 Armour
 * Level 7.8 Dodging
 - Level 2.2 Stealth
 - Level 0.3 Unarmed Combat
 * Level 6.2 Spellcasting
 + Level 5.9 Conjurations
 * Level 6.1 Hexes
 * Level 4.7 Charms
 + Level 3.6 Translocations
 * Level 4.9 Ice Magic


You had 6 spell levels left.
You knew the following spells:

 Your Spells              Type           Power        Failure   Level  Hunger
a - Magic Dart            Conj           ####         1%          1    None
b - Searing Ray           Conj           ####..       1%          2    None
c - Dazzling Spray        Conj/Hex       ####..       3%          3    ##.....
d - Force Lance           Conj/Tloc      ####....     17%         4    ####...
e - Ozocubu's Armour      Chrm/Ice       ####....     5%          3    ##.....
f - Flame Tongue          Conj/Fire      ###..        3%          1    None
g - Throw Frost           Conj/Ice       ####..       1%          2    None

Your spell library contained the following spells:

 Spells                   Type           Power        Failure   Level  Hunger
 Static Discharge         Conj/Air       ###.....     11%         3    ##.....
 Freeze                   Ice            ####         1%          1    None
 Fulminant Prism          Conj/Hex       ####......   11%         4    ####...
 Iskenderun's Mystic Bla  Conj           ####....     11%         4    ####...
 Throw Icicle             Conj/Ice       ####....     13%         4    ####...
 Summon Ice Beast         Ice/Summ       ###.....     41%         4    ####...


Dungeon Overview and Level Annotations

Branches:
Dungeon (9/15)             Temple (1/1) D:4
   Lair: D:8-11         Orc: D:9-12

Altars:
Ashenzari
Cheibriados
Dithmenos
Elyvilon
Fedhas
Gozag
Hepliaklqana
Kikubaaqudgha
Makhleb
Nemelex Xobeh
Okawaru
Qazlal
Ru
Sif Muna
Uskayaw
Vehumet
Wu Jian
Xom
Zin
The Shining One

Shops:
D:6 [

Annotations:
D:9 3 runed translucent doors, exclusion: orange crystal statue, Veogap's ghost, novice TrBe


Innate Abilities, Weirdness & Mutations

You revert to your normal form in water.
You are very nimble and swift while swimming.
You are very stealthy in the water. (Stealth+)
You can translocate small distances at will.
Your mind is acute. (Int +2)
Your muscles are strong. (Str +2)


Message History

Something closely misses you. Something barely misses you.
Casting: Searing Ray (safe; 1% risk of failure)
Confirm with . or Enter, or press ? or * to list all spells.
Aiming: Searing Ray (safe; 1% risk of failure)
Press: ? - help, Shift-Dir - straight line The searing ray hits something but does no damage. (Press . to maintain the ray.)
Something hits you but does no damage. Something bites you.
Something draws strength from your injuries!
Something hits you but does no damage. Something bites you but does no damage.
Unholy energy fills the air.
* * * LOW HITPOINT WARNING * * *
The searing ray hits something!
You finish channeling your searing ray.
Unholy energy fills the air.
* * * LOW HITPOINT WARNING * * *
As you read the scroll of teleportation, it crumbles to dust.
You feel strangely unstable. Something hits you.
* * * LOW HITPOINT WARNING * * *
Something bites you.
You die...

##################
#...รท..@{.>.......
#.########.#######
######...V.?...........
.........###.###.######.
########.## #.#
#........### #..
....H.......## ###
.............#
.............#


There were no monsters in sight!

Vanquished Creatures
  2 two-headed ogres (D:8)
  Prince Ribbit (D:7)
  2 hippogriffs
  A human (D:7)
  4 hogs
  A water moccasin (D:8)
  3 sky beasts
  Duvessa (D:7)
  An ice beast (D:8)
  2 orc warriors
  2 phantoms
  2 black bears
  A necrophage (D:7)
  9 ogres
  2 centaurs
  2 big kobolds (D:7)
  A bullfrog (D:6)
  2 scorpions (D:6)
  Dowan (D:7)
  A jelly (D:3)
  A centaur zombie (D:5)
  5 crimson imps
  3 bullfrog zombies
  2 lava snakes (D:9)
  3 hounds
  14 orc wizards
  3 orc priests
  A bullfrog skeleton (D:8)
  3 iguanas
  3 worker ants
  A killer bee zombie (D:8)
  2 hound skeletons
  3 mummies (Ossuary)
  4 worker ant zombies
  14 adders
  A howler monkey skeleton (D:8)
  2 shadow imps
  5 adder zombies (Ossuary)
  An adder skeleton (D:4)
  2 worms (D:2)
  A dart slug (D:1)
  4 leopard geckos
  35 orcs
  5 ball pythons
  11 bats
  5 giant cockroaches
  11 goblins
  11 hobgoblins
  5 jackals
  5 quokkas
  2 frilled lizards
  3 goblin zombies (Ossuary)
  7 hobgoblin zombies (Ossuary)
  14 kobolds
  2 kobold zombies (Ossuary)
  A quokka zombie (Ossuary)
  6 rats
242 creatures vanquished.

Notes
Turn   | Place    | Note
-------+----------+-------------------------------------------
     0 | D:1      | Llamajah the Merfolk Conjurer began the quest for the Orb.
     0 | D:1      | Reached XP level 1. HP: 13/13 MP: 3/3
   277 | D:1      | Reached XP level 2. HP: 17/19 MP: 0/5
   281 | D:1      | Learned a level 2 spell: Searing Ray
   371 | D:1      | Found a glowing golden altar of the Shining One.
  1148 | D:1      | Reached XP level 3. HP: 24/24 MP: 6/6
  1298 | D:2      | Reached skill level 3 in Dodging
  1551 | D:2      | Found an opulent altar of Gozag.
  1584 | D:2      | Reached skill level 1 in Polearms
  1584 | D:2      | Reached XP level 4. HP: 23/31 MP: 7/7
  2135 | D:3      | Learned a level 3 spell: Dazzling Spray
  2186 | D:3      | Reached skill level 1 in Fighting
  2704 | D:2      | HP: 1/32 [orc/+0 mace of draining (1)]
  2911 | D:3      | Reached XP level 5. HP: 37/37 MP: 8/8
  3103 | D:3      | Reached skill level 1 in Hexes
  3841 | D:4      | Noticed an ogre
  4080 | D:4      | Reached skill level 1 in Armour
  4151 | D:4      | Reached XP level 6. HP: 31/43 MP: 10/10
  4204 | D:4      | Found a staircase to the Ecumenical Temple.
  4221 | Temple   | Entered the Ecumenical Temple
  4417 | Temple   | Became a worshipper of Vehumet
  4506 | D:4      | Found a sacrificial altar of Ru.
  4909 | D:4      | Learned a level 4 spell: Force Lance
  4960 | D:4      | Reached skill level 4 in Dodging
  4960 | D:4      | Reached XP level 7. HP: 49/49 MP: 4/11
  5581 | D:5      | Entered Level 5 of the Dungeon
  5581 | D:5      | Found a glowing golden altar of the Shining One.
  5615 | D:5      | Reached skill level 1 in Translocations
  6385 | D:5      | Reached XP level 8. HP: 55/57 MP: 13/13
  6532 | D:5      | Reached skill level 5 in Conjurations
  6864 | D:6      | Found a burning altar of Makhleb.
  7082 | D:6      | Reached skill level 5 in Dodging
  7247 | D:6      | Reached * piety under Vehumet
  7247 | D:6      | Offered knowledge of Sandblast by Vehumet.
  7371 | D:5      | Learned a level 3 spell: Ozocubu's Armour
  7473 | D:6      | Found a hide-covered altar of Uskayaw.
  7523 | D:6      | Reached skill level 1 in Charms
  7523 | D:6      | Reached skill level 1 in Ice Magic
  7523 | D:6      | Reached XP level 9. HP: 24/63 MP: 2/15
  8468 | D:6      | Found Pinuorudgh's Antique Armour Shoppe.
  8477 | D:6      | Bought a faintly glowing leather armour for 182 gold pieces
  8477 | D:6      | Bought a pair of runed gloves for 195 gold pieces
  8492 | D:6      | Identified the +1 leather armour "Upseism" {+Inv rF- Str+2
                  | Dex+5} (You bought it in a shop on level 6 of the Dungeon)
  8964 | D:7      | Noticed Prince Ribbit
  8972 | D:7      | Killed Prince Ribbit
  8972 | D:7      | Reached skill level 6 in Dodging
  8973 | D:7      | Found a sand-covered staircase.
  8995 | Ossuary  | Entered an ossuary
  9475 | D:7      | Reached skill level 5 in Spellcasting
  9574 | D:7      | Reached ** piety under Vehumet
  9596 | D:7      | Noticed Dowan
  9601 | D:7      | Killed Dowan
  9602 | D:7      | Noticed Duvessa
  9613 | D:7      | Killed Duvessa
  9613 | D:7      | Reached skill level 5 in Polearms
  9619 | D:7      | Offered knowledge of Flame Tongue by Vehumet.
  9774 | D:7      | Learned a level 1 spell: Flame Tongue
  9777 | D:7      | Learned a level 2 spell: Throw Frost
  9815 | D:7      | Reached skill level 5 in Hexes
  9928 | D:7      | Reached XP level 10. HP: 65/71 MP: 11/18
 10717 | D:7      | Reached skill level 7 in Dodging
 11091 | D:8      | Noticed a two-headed ogre
 11141 | D:8      | Noticed a two-headed ogre
 11154 | D:8      | Killed a two-headed ogre
 11407 | D:8      | Offered knowledge of Static Discharge by Vehumet.
 11691 | D:8      | HP: 1/73 [two-headed ogre/+0 giant spiked club (9)]
 11693 | D:8      | Killed a two-headed ogre
 11693 | D:8      | Reached *** piety under Vehumet
 12133 | D:6      | Bought a pair of transparent boots for 247 gold pieces
 12138 | D:6      | Identified the -6 pair of boots "Ynal" {Int+7 Slay-5 SInv}
                  | (You bought it in a shop on level 6 of the Dungeon)
 12143 | D:6      | Upgraded the game from 0.24-a0-521-g122614b to
                  | 0.24-a0-522-g04f7f4e
 12464 | D:9      | Found a runed translucent gate.
 12464 | D:9      | Noticed Veogap's ghost (novice TrBe)
 12465 | D:9      | Found a runed translucent gate.
 12465 | D:9      | Found a runed translucent gate.
 12529 | D:9      | Gained mutation: Your muscles are strong. (Str +2) [potion
                  | of mutation]
 12529 | D:9      | Gained mutation: You can translocate small distances at
                  | will. [potion of mutation]
 12529 | D:9      | Gained mutation: Your mind is acute. (Int +2) [potion of
                  | mutation]
 12901 | D:9      | Noticed an orange crystal statue
 12989 | D:9      | Reached XP level 11. HP: 58/78 MP: 4/20
 13136 | D:9      | Slain by a vampire

Levels and vault maps discovered:
D:1:      matt_arrival_spirals, layout_loops_ring, serial_park_tiny_1,
          tso_metal_star
D:2:      layout_basic, nicolae_overflow_hidden_temple, first_ration,
          minmay_between
D:3:      layout_basic, minmay_randomly_rotated_circles
D:4:      layout_cave_pools, lemuel_crystal_altar,
          minmay_temple_entry_offerings, minmay_pentangle
D:5:      layout_rooms, basic_altar
D:6:      layout_cave_pods, old_standard_altar, lightli_temple_of_fire,
          serial_shops, nicolae_shop_overgrown_old_shop
D:7:      layout_basic, chequers_ossuary_entry_cave, grunt_livestock,
          uniq_duvessa, uniq_prince_ribbit1
D:8:      layout_cave_pools
D:9:      layout_basic, gammafunk_temple_overflow_pools, gammafunk_ghost_split,
          kennysheep_path_1, disabler_island
Temple:   minmay_temple_bridge_d

Skill      XL: |  1  2  3  4  5  6  7  8  9 10 |
---------------+-------------------------------+-----
Dodging        | 3 4 5 6 7 |  7.8
Polearms       | 1 2 3 4 5 6 |  6.1
Fighting       | 1 2 3 4 |  4.5
Conjurations   | 4 5 |  5.9
Hexes          | 1 2 3 4 5 6 |  6.1
Armour         | 1 2 3 |  3.0
Spellcasting   | 3 4 5 6 |  6.2
Translocations | 1 2 3 |  3.6
Charms         | 1 3 4 |  4.7
Ice Magic      | 1 3 4 |  4.9
Stealth        | |  2.2
Unarmed Combat | |  0.3

Action                   |  1- 3 |  4- 6 |  7- 9 | 10-12 || total
-------------------------+-------+-------+-------+-------++-------
Melee: Unarmed           |    24 |       |       |       ||    24
       Spear             |    32 |   170 |       |       ||   202
       Trident           |       |       |   170 |    80 ||   250
       Staff             |       |       |       |     9 ||     9
 Cast: Magic Dart        |    64 |   132 |   189 |   115 ||   500
       Searing Ray       |       |    16 |    79 |    34 ||   129
       Dazzling Spray    |       |       |     2 |     3 ||     5
       Throw Frost       |       |       |       |     9 ||     9
       Ozocubu's Armour  |       |       |       |     3 ||     3
  Use: Potion            |       |     4 |     2 |     9 ||    15
       Scroll            |       |     3 |     9 |     5 ||    17
 Stab: Sleeping          |     3 |     3 |       |       ||     6
  Eat: Chunk             |     3 |    13 |    16 |     5 ||    37
       Ration            |       |     1 |       |     2 ||     3
Armor: Robe              |    10 |    67 |    49 |       ||   126
       Leather armour    |       |       |    29 |    88 ||   117
Dodge: Dodged            |    38 |   151 |   253 |   225 ||   667

Table legend:
 A = Non-vault XP
 B = Vault XP
 C = Vault XP percentage of total XP
 D = Non-vault monster count
 E = Vault monster count
 F = Vault count percentage of total count
                 A         B        C        D         E       F
            +---------+---------+-------+---------+---------+-------
      Total |    7520 |    1887 |  20.1 |     191 |      51 |  21.1
            +---------+---------+-------+---------+---------+-------
        D:1 |      35 |       0 |   0.0 |      18 |       0 |   0.0
        D:2 |      52 |      25 |  32.5 |      21 |       7 |  25.0
        D:3 |     132 |      64 |  32.7 |      21 |       8 |  27.6
        D:4 |     371 |     133 |  26.4 |      16 |       5 |  23.8
        D:5 |     764 |       0 |   0.0 |      19 |       0 |   0.0
        D:6 |    1447 |     406 |  21.9 |      34 |       2 |   5.6
        D:7 |    1383 |    1068 |  43.6 |      35 |       6 |  14.6
        D:8 |    3093 |       0 |   0.0 |      26 |       0 |   0.0
        D:9 |     243 |      94 |  27.9 |       1 |       2 |  66.7
    Ossuary |       0 |      97 | 100.0 |       0 |      21 | 100.0
            +---------+---------+-------+---------+---------+-------
